 Dungeon Sprint DCSS version 0.28-a0-533-g9f97627e2a (webtiles) character file.

Game seed: 5214104942886888256

2502 Conn the Arsonist (level 9, -8/55 HPs)
             Began as an Octopode Fire Elementalist on Sept 21, 2021.
             Was an Elder of Sif Muna.
             Mangled by a tentacle (28 damage)
             ... attached to a kraken
             ... in the Dungeon (Sprint II: "The Violet Keep of Menkaure") on Sept 25, 2021.
             The game lasted 00:21:01 (1685 turns).

Conn the Arsonist (Octopode Fire Elementalist)      Turns: 1685, Time: 00:21:01

Health: -8/55      AC:  1    Str:  8    XL:     9   Next: 53%
Magic:  29/29      EV: 15    Int: 20    God:    Sif Muna [****..]
Gold:   520        SH:  0    Dex: 12    Spells: 10/23 levels left

rFire   + + .      SeeInvis .   b - +3 dagger (venom)
rCold   . . .      Faith    .   (no shield)
rNeg    . . .      Spirit   .   (helmet restricted)
rPois   .          Reflect  .   (no amulet)
rElec   .          Harm     .   c - ring of Himoargh {rF++ MP+9}
rCorr   .          Rampage  .   (no ring)
Will    .....      NoTele   +   (no ring)
Stlth   +++++.....              (no ring)
HPRegen 0.18/turn               (no ring)
MPRegen 0.21/turn               (no ring)
                                (no ring)
                                (no ring)

@: flying
A: almost no armour, amphibious, 8 rings, camouflage 1, gelatinous body 1,
(nimble swimmer 1), tentacles
a: Renounce Religion, Channel Magic, Forget Spell, Divine Exegesis


You were in the Dungeon.
You worshipped Sif Muna.
Sif Muna was greatly pleased with you.
You visited 1 branch You collected 1251 gold pieces.
You spent 731 gold pieces at shops.

Inventory:

Hand Weapons
 b - a +3 dagger of venom (weapon)
Missiles
 m - 2 throwing nets
Jewellery
 c - the ring of Himoargh (left tentacle) {rF++ MP+9}
   (You acquired it in the Dungeon)

   [ring of magical power]

   rF:        It greatly protects you from fire.
   MP:        It affects your magic capacity (+9).
Scrolls
 f - a scroll of blinking
Potions
 a - 4 potions of curing
 d - 4 potions of magic
 g - 4 potions of flight
 j - 2 potions of heal wounds
 l - a potion of berserk rage
 n - a potion of attraction
 o - 3 potions of resistance


   Skills:
 + Level 2.8 Fighting
 + Level 7.4 Dodging
 + Level 8.1 Stealth
 - Level 3.4 Unarmed Combat
 + Level 7.9 Spellcasting
 + Level 7.6 Conjurations
 + Level 0.1 Hexes
 + Level 14.4 Fire Magic
 * Level 6.2 Invocations


You had 10 spell levels left.
You knew the following spells:

 Your Spells              Type           Power      Damage    Failure   Level
a - Foxfire               Conj/Fire      100%       2x1d9     1%          1
b - Conjure Flame         Conj/Fire      51%        6-21      1%          3
c - Inner Flame           Hex/Fire       36%        N/A       1%          3
d - Flame Wave            Conj/Fire      51%        3d10      1%          4
e - Scorch                Fire           100%       2d10      1%          2

Your spell library contained the following spells:

 Spells                   Type           Power      Damage    Failure   Level


Dungeon Overview and Level Annotations

Branches:
Dungeon (1/1)

Altars:
Cheibriados
Dithmenos
Elyvilon
Fedhas
Gozag
Hepliaklqana
Kikubaaqudgha
Makhleb
Nemelex Xobeh
Okawaru
Qazlal
Ru
Sif Muna
Trog
Uskayaw
Vehumet
Wu Jian
Xom
Yredelemnul
Zin
The Shining One
Beogh
Jiyva
Lugonu

Shops:
D ::?[?=!![:(!(==

Annotations:
D exclusion: oklob plant, Roxanne


Innate Abilities, Weirdness & Mutations

You cannot wear most types of armour.
You are amphibious.
You can wear up to eight rings at the same time.
Your skin changes colour to match your surroundings (Stealth+).
Your rubbery body absorbs attacks. (AC +1, EV +1)
((You are camouflaged near water. (Stealth+)))
You have tentacles for arms and can constrict up to eight enemies at once.


Message History

Casting: Inner Flame (safe; 1% risk of failure)
Confirm with . or Enter, or press ? or * to list all spells.
Okay, then.
Tentacles burst out of the water!
A tentacle comes into view.
There is an open door here.
The tentacle closely misses you.
You see here 21 stones.
Casting: Inner Flame (safe; 1% risk of failure)
Confirm with . or Enter, or press ? or * to list all spells.
You can't see any susceptible monsters within range! (Use Z to cast anyway.)
Casting: Inner Flame (safe; 1% risk of failure)
Confirm with . or Enter, or press ? or * to list all spells.
Aiming: Inner Flame (safe; 1% risk of failure)
Press: ? - help, Shift-Dir - straight line, f - tentacle, p - kraken
Aim: a tentacle (infinite will)
Okay, then.
Unknown command.
Unknown command.
Casting: Inner Flame (safe; 1% risk of failure)
Confirm with . or Enter, or press ? or * to list all spells.
Okay, then.
Unknown command.
Unknown command.
Casting: Inner Flame (safe; 1% risk of failure)
Confirm with . or Enter, or press ? or * to list all spells.
Okay, then.
Unknown command.
Unknown command.
Unknown command.
You hit the tentacle but do no damage.
The tentacle is poisoned.
You squeeze the tentacle, but do no damage.
The tentacle slaps you!! The tentacle barely misses you.
Unknown command.
The tentacle barely misses you. The tentacle slaps you!
You see here a +0 short sword.
The tentacle slaps you!!
Ouch! That really hurt!
You die...

+...▓0..▓
#°○.▓▓▓▓▓▓▓▓▓▓
#..°▓≈≈≈§≈≈≈§▓▓
#[}▓▓▓▓▓▓▓▓▓▓▓
#::▓).()..(.▓▓
#○|▓[)).).))▓▓
+.##.#○[▓(.......▓▓
...####▓)....().▓▓
#..##.#▓......)@▓▓
+..#..#▓.).).[w)▓▓
#^^#..#▓([..)│..▓▓
##..##.#▓.)...│[(▓▓
###^..##▓▓▓▓▓▓▓\▓▓▓▓+▓
.§≈≈≈≈≈≈≈≈≈≈≈≈≈.\wXw≈▓
.§§#†########+###V≈w≈▓
..≈#_._._...#≈≈≈##≈≈≈▓
≈.≈#._._._._#≈≈§§####▓


You could see a kraken and 2 tentacles.

Vanquished Creatures
  A yaktaur (D)
  3 polar bears (D)
  A hornet (D)
  2 wyverns (D)
  A vampire mosquito (D)
  Menkaure (D)
  4 neqoxecs (D)
  A water moccasin (D)
  4 necrophages (D)
  3 worms (D)
21 creatures vanquished.

Vanquished Creatures (others)
  32 foxfires (D)
  4 tentacles (D)
36 creatures vanquished.

Grand Total: 57 creatures vanquished

Notes
Turn   | Place    | Note
-------+----------+-------------------------------------------
     0 | D        | Conn the Octopode Fire Elementalist began the quest for the
                  | Orb.
     0 | D        | Reached XP level 1. HP: 11/11 MP: 3/3
     1 | D        | Noticed a wyvern
     1 | D        | Noticed a wyvern
     9 | D        | Noticed a necrophage
     9 | D        | Noticed a necrophage
     9 | D        | Noticed a necrophage
     9 | D        | Noticed a necrophage
    18 | D        | Killed a necrophage
    19 | D        | Reached skill level 6 in Fire Magic
    19 | D        | Reached XP level 2. HP: 17/17 MP: 3/6
    19 | D        | Reached XP level 3. HP: 21/21 MP: 4/8
    19 | D        | Reached XP level 4. HP: 27/27 MP: 4/9
    24 | D        | Killed a necrophage
    25 | D        | Reached skill level 8 in Fire Magic
    25 | D        | Reached XP level 5. HP: 31/31 MP: 4/11
    27 | D        | Killed a necrophage
    28 | D        | Reached skill level 5 in Stealth
    28 | D        | Reached skill level 9 in Fire Magic
    28 | D        | Reached XP level 6. HP: 36/36 MP: 4/12
    32 | D        | Killed a necrophage
    33 | D        | Reached skill level 10 in Fire Magic
    44 | D        | Learned a level 3 spell: Conjure Flame
    48 | D        | Learned a level 3 spell: Inner Flame
    53 | D        | Learned a level 4 spell: Flame Wave
    53 | D        | Noticed an ice statue
    53 | D        | Noticed a water moccasin
    63 | D        | Killed a water moccasin
    64 | D        | Reached skill level 5 in Dodging
    64 | D        | Reached skill level 5 in Spellcasting
    64 | D        | Reached XP level 7. HP: 12/42 MP: 2/14
    67 | D        | Noticed Menkaure
    69 | D        | Killed Menkaure
    70 | D        | Reached skill level 11 in Fire Magic
    76 | D        | Found Wicarpha's Antique Weapon Shop.
    76 | D        | Found Garik's Jewellery Boutique.
    76 | D        | Found Tikesag's Jewellery Shop.
    77 | D        | Found Puinamur's Book Shop.
    77 | D        | Found Qoushro Xoll's Weapon Shop.
    77 | D        | Found Kioq's Distillery.
    78 | D        | Found Teij's Distillery.
    78 | D        | Found Muschoce's Distillery.
    78 | D        | Found Vaific's Jewellery Boutique.
    78 | D        | Found Egrait's Antique Armour Shop.
    79 | D        | Found Ihuvos's Magic Scroll Boutique.
    79 | D        | Found Ischaum's Antique Armour Boutique.
    80 | D        | Found Saubush's Magic Scroll Shop.
    80 | D        | Found Jaexigec's Book Boutique.
    80 | D        | Noticed an iron elemental
    83 | D        | Noticed an oklob plant
    84 | D        | Found Wikhuawn's Book Shoppe.
    87 | D        | Noticed an ice dragon
    90 | D        | Noticed a redback
   100 | D        | Bought a glowing dagger for 90 gold pieces
   105 | D        | Bought a potion of lignification for 33 gold pieces
   129 | D        | Found an iron altar of Okawaru.
   129 | D        | Found an opulent altar of Gozag.
   130 | D        | Found a sparkling altar of Nemelex Xobeh.
   130 | D        | Found a blossoming altar of Fedhas.
   131 | D        | Found a radiant altar of Vehumet.
   131 | D        | Found a burning altar of Makhleb.
   131 | D        | Found a white marble altar of Elyvilon.
   132 | D        | Found a hide-covered altar of Uskayaw.
   132 | D        | Found a corrupted altar of Lugonu.
   132 | D        | Found a shadowy altar of Dithmenos.
   133 | D        | Found a glowing silver altar of Zin.
   133 | D        | Found a bloodstained altar of Trog.
   133 | D        | Found an ancient bone altar of Kikubaaqudgha.
   134 | D        | Found a basalt altar of Yredelemnul.
   134 | D        | Found a shimmering blue altar of Sif Muna.
   134 | D        | Found a viscous altar of Jiyva.
   135 | D        | Found a shimmering altar of Xom.
   135 | D        | Found a sacrificial altar of Ru.
   137 | D        | Found a glowing golden altar of the Shining One.
   137 | D        | Found an ornate altar of the Wu Jian Council.
   137 | D        | Found a stormy altar of Qazlal.
   137 | D        | Found a snail-covered altar of Cheibriados.
   137 | D        | Found a hazy altar of Hepliaklqana.
   146 | D        | Became a worshipper of Sif Muna the Loreminder
   151 | D        | Noticed Roxanne
   388 | D        | Learned a level 2 spell: Scorch
   392 | D        | Noticed a polar bear
   393 | D        | Noticed a hornet
   394 | D        | Noticed a yaktaur
   394 | D        | Noticed a polar bear
   394 | D        | Noticed a polar bear
   425 | D        | Killed a polar bear
   426 | D        | Reached skill level 1 in Fighting
   426 | D        | Reached skill level 5 in Conjurations
   426 | D        | Reached skill level 12 in Fire Magic
   426 | D        | Upgraded the game from 0.28-a0-503-g83f2989fac to
                  | 0.28-a0-533-g9f97627e2a
   429 | D        | Killed a polar bear
   430 | D        | Reached skill level 1 in Invocations
   430 | D        | Reached XP level 8. HP: 11/48 MP: 0/17
   692 | D        | Reached * piety under Sif Muna
   741 | D        | Reached ** piety under Sif Muna
   742 | D        | Reached skill level 13 in Fire Magic
   767 | D        | Reached *** piety under Sif Muna
   851 | D        | Killed a wyvern
   851 | D        | Killed a wyvern
   852 | D        | Reached skill level 14 in Fire Magic
   852 | D        | Reached skill level 5 in Invocations
   852 | D        | Reached XP level 9. HP: 33/54 MP: 12/19
   882 | D        | Bought a scroll of acquirement for 520 gold pieces
   882 | D        | Acquired the ring of Himoargh {rF++ MP+9}
   905 | D        | Bought a potion of heal wounds for 55 gold pieces
   905 | D        | Bought a potion of curing for 33 gold pieces
   940 | D        | Killed a yaktaur
   945 | D        | Killed a hornet
   945 | D        | Reached **** piety under Sif Muna
  1471 | D        | Killed a polar bear
  1519 | D        | Noticed a kraken
  1685 | D        | Mangled by a tentacle

Illustrated notes

Levels and vault maps discovered:
D:        the_violet_keep_of_menkaure [sprint2_stairs_cluster_1,
          sprint2_shoproom, sprint2_temple, sprint2_basic_supplies,
          sprint2_obstacle_5, sprint2_obstacle_6, sprint2_obstacle_2,
          sprint2_obstacle_4, sprint2_obstacle_1, sprint2_timed_cluster_1,
          sprint2_smallroom_cluster_1, sprint2_smallroom_final_cluster_1,
          sprint2_transparent_cluster_1, sprint2_second_timed_cluster_1,
          sprint2_sniper_area_1, sprint2_heavy_combat_area_1,
          sprint2_mutation_trap_area_1, sprint2_forest_area_1,
          sprint2_light_combat_area_1, sprint2_behind_water_1,
          sprint2_near_end_vault_1]

Skill      XL: |  1  2  3  4  5  6  7  8  9 |
---------------+----------------------------+-----
Dodging        | 3 4 5 6 7 |  7.4
Stealth        | 4 5 6 7 8 |  8.1
Unarmed Combat | 3 |  3.4
Spellcasting   | 3 4 5 6 7 |  7.9
Fire Magic     | 6 8 9 10 12 14 | 14.4
Conjurations   | 2 3 4 5 6 7 |  7.6
Fighting       | 1 2 |  2.8
Invocations    | 1 5 6 |  6.2
Hexes          | |  0.1

Action                   |  1- 3 |  4- 6 |  7- 9 || total
-------------------------+-------+-------+-------++-------
Melee: Unarmed           |     7 |    13 |       ||    20
       Constrict         |     1 |     3 |     2 ||     6
       Tentacles         |     1 |     2 |     2 ||     5
       Dagger            |       |       |     7 ||     7
 Cast: Foxfire           |       |     4 |    17 ||    21
       Inner Flame       |       |     1 |     1 ||     2
       Flame Wave        |       |       |    10 ||    10
       Scorch            |       |       |     2 ||     2
       Conjure Flame     |       |       |     1 ||     1
  Use: Potion            |     2 |     1 |     4 ||     7
       Scroll            |       |       |     8 ||     8
 Stab: Sleeping          |       |       |     1 ||     1
Armor: Skin              |       |     1 |    16 ||    17
Dodge: Dodged            |     3 |    10 |    17 ||    30

Table legend: (Time is in decaauts)
 A = Elapsed time spent in this place.
 B = Non-inter-level travel time spent in this place.
 C = Inter-level travel time spent in this place.
 D = Time resting spent in this place.
 E = Time spent auto-exploring this place.
 F = Levels seen in this place.
 G = Mean time per level.
                   A        B        C        D        E       F      G
               +--------+--------+--------+--------+--------+-----+--------+
         Total |   1682 |   1682 |      0 |   1101 |      0 |   1 | 1682.0 |
       Dungeon |   1682 |   1682 |      0 |   1101 |      0 |   1 | 1682.0 |
               +--------+--------+--------+--------+--------+-----+--------+

Top non-repeatable levels by time:
       D: 1682 daAuts
